 Dungeon Crawl Stone Soup version 0.21.1-1-g345015fe64 (webtiles) character file.

7305 MsStandart the Basher (level 10, -3/94 HPs)
             Began as a Minotaur Berserker on June 15, 2018.
             Was a High Priest of Trog.
             Slain by a two-headed ogre
             ... wielding a +0 giant spiked club
              (18 damage)
             ... on level 9 of the Dungeon.
             The game lasted 00:28:22 (9649 turns).

MsStandart the Basher (Minotaur Berserker)          Turns: 9649, Time: 00:28:22

Health: -3/94      AC: 14    Str: 25    XL:     10   Next: 90%
Magic:  9/9        EV:  8    Int:  4    God:    Trog [*****.]
Gold:   369        SH:  0    Dex: 10    Spells: 9/9 levels left

rFire    . . .     SeeInvis .   r - -2 flail (curse)
rCold    . . .     Gourm    .   (no shield)
rNeg     . . .     Faith    .   i - +0 plate armour
rPois    .         Spirit   .   (helmet restricted)
rElec    .         Reflect  .   k - scarf {cloud immunity}
rCorr    .         Harm     +   (no gloves)
MR       .....                  (no boots)
Stlth    ..........             C - amulet of harm
HPRegen  0.25/turn              (no ring)
MPRegen  0.11/turn              (no ring)

@: berserk cooldown, slowed, very slow
A: retaliatory headbutt, horns 2
a: Berserk, Trog's Hand, Brothers in Arms, Burn Spellbooks, Renounce Religion


You were on level 9 of the Dungeon.
You worshipped Trog.
Trog was extremely pleased with you.
You were near starving.

You visited 1 branch of the dungeon, and saw 9 of its levels.

You collected 369 gold pieces.

Inventory:

Hand Weapons
 a - a +1 mace
 m - a +2 great mace of protection
 r - a cursed -2 flail (weapon)
Armour
 b - a +1 animal skin
 i - a +0 plate armour (worn)
 k - a scarf of cloud immunity (worn)
 u - a scarf of cloud immunity
 v - a +0 cloak
Jewellery
 z - an uncursed amulet of the gourmand
 C - an amulet of harm (around neck)
Wands
 j - a wand of digging (34)
 s - a wand of acid (11)
 t - a wand of flame (21)
 w - a wand of random effects (21)
Scrolls
 g - 5 scrolls of identify
 q - 3 scrolls of enchant armour
 x - a scroll of fog
 y - 3 scrolls of fear
Potions
 d - a potion of magic {unknown}
 e - 2 potions of ambrosia
 f - 4 potions of flight
 h - 3 potions of haste {unknown}
 l - a potion of brilliance {unknown}
 o - 4 potions of curing
 p - 3 potions of mutation {unknown}
 A - a potion of berserk rage {unknown}
 B - a potion of might {unknown}
Miscellaneous
 n - a lamp of fire
Comestibles
 c - 3 rations


   Skills:
 + Level 10.6 Fighting
 * Level 14.0 Maces & Flails
 + Level 10.3 Armour
 - Level 2.1 Dodging


You had 9 spell levels left.
You didn't know any spells.

Dungeon Overview and Level Annotations

Branches:
Dungeon (9/15)             Temple (0/1) D:6
   Lair: D:8-11         Orc: D:9-12

Altars:
Dithmenos


Innate Abilities, Weirdness & Mutations

You reflexively headbutt those who attack you in melee.
You have a pair of horns on your head.


Message History

Things that are here:
a killer bee corpse x2
You feel sick.
You thump the two-headed ogre!
The two-headed ogre is moderately wounded.
The two-headed ogre hits you with a giant spiked club!
The two-headed ogre hits you with a giant club!
* * * LOW HITPOINT WARNING * * *
Your plate armour prevents you from hitting the two-headed ogre.
The two-headed ogre is moderately wounded.
You feel sick.
You completely miss the two-headed ogre.
The two-headed ogre is moderately wounded.
The two-headed ogre hits you but does no damage.
The two-headed ogre hits you with a giant club!
* * * LOW HITPOINT WARNING * * *
It was a potion of curing.
You feel better.
The two-headed ogre hits you but does no damage.
The two-headed ogre hits you with a giant club!
You die...

.)........#.# .
##.######.#.#####...
##.######.#........#
...................# # y
##.######.###########+#
.#.# ##.#
#............(##....# ##.#
########...##..#....
##.#############...##....#
##............)†@O.......+
#####################..y.#
# #....# # #....# # #.#.##
# #.#.. # #.##.# # #.# .#
# #.# .#


You could see a two-headed ogre and a killer bee (wandering).

Vanquished Creatures
  2 two-headed ogres (D:9)
  The ghost of denis1488 the Frost Mage, a novice DrIE of Vehumet (D:9)
  A troll (D:9)
  3 hippogriffs
  Sigmund (D:6)
  2 hungry ghosts
  The ghost of
  359359 the Cudgeler, an amateur TeMo (D:4)
  A sky beast (D:8)
  A black bear (D:7)
  2 ice beasts
  3 phantoms
  3 ogres
  5 centaurs
  A crocodile (D:7)
  8 bullfrogs
  2 scorpions
  2 jellies
  18 killer bees (D:9)
  3 wights (D:7)
  A howler monkey (D:5)
  2 crimson imps
  A centaur zombie (D:9)
  A bullfrog zombie (D:5)
  5 orc priests
  3 hounds
  Jessica (D:2)
  Ijyb (D:5)
  2 iguanas
  5 orc wizards
  8 worker ants
  A hound zombie (D:8)
  2 hound skeletons (D:5)
  A worker ant zombie (D:5)
  10 adders
  8 gnolls
  4 shadow imps
  An ooze (D:1)
  3 adder zombies
  3 worms
  2 dart slugs
  5 leopard geckos
  35 orcs
  5 giant cockroaches
  3 goblins
  5 hobgoblins
  15 jackals
  4 quokkas
  4 bats
  4 frilled lizards
  A giant cockroach zombie (D:5)
  3 kobolds
  A leopard gecko skeleton (D:4)
  A quokka skeleton (D:5)
  8 rats
219 creatures vanquished.

Notes
Turn   | Place    | Note
-------+----------+-------------------------------------------
     0 | D:1      | MsStandart the Minotaur Berserker began the quest for the Orb.
     0 | D:1      | Reached XP level 1. HP: 19/19 MP: 0/0
    84 | D:1      | Reached skill level 4 in Maces & Flails
    84 | D:1      | Reached XP level 2. HP: 17/27 MP: 1/1
   700 | D:2      | Noticed Jessica
   705 | D:2      | Killed Jessica
   705 | D:2      | Reached XP level 3. HP: 33/33 MP: 2/2
   888 | D:2      | Reached ** piety under Trog
   895 | D:2      | Reached XP level 4. HP: 32/40 MP: 3/3
  1125 | D:2      | Reached skill level 5 in Maces & Flails
  1905 | D:3      | Noticed a bullfrog
  1912 | D:3      | Killed a bullfrog
  1912 | D:3      | Reached XP level 5. HP: 44/47 MP: 4/4
  2102 | D:3      | Reached skill level 6 in Maces & Flails
  2467 | D:4      | Reached skill level 5 in Fighting
  2519 | D:4      | Reached XP level 6. HP: 39/56 MP: 5/5
  2715 | D:4      | Reached *** piety under Trog
  3063 | D:4      | Reached skill level 7 in Maces & Flails
  3063 | D:4      | Reached skill level 5 in Armour
  3273 | D:4      | Reached XP level 7. HP: 62/62 MP: 6/6
  3423 | D:4      | Noticed 359359's ghost (amateur TeMo)
  3437 | D:4      | Killed 359359's ghost
  3679 | D:5      | Entered Level 5 of the Dungeon
  3822 | D:5      | Reached skill level 8 in Maces & Flails
  4069 | D:5      | Noticed Ijyb
  4074 | D:5      | Killed Ijyb
  4211 | D:5      | Reached XP level 8. HP: 46/71 MP: 7/7
  4228 | D:5      | Reached skill level 9 in Maces & Flails
  4473 | D:5      | Found a shadowy altar of Dithmenos.
  5266 | D:6      | Reached **** piety under Trog
  5366 | D:6      | Found a staircase to the Ecumenical Temple.
  5490 | D:6      | Reached skill level 10 in Maces & Flails
  5751 | D:6      | Noticed Sigmund
  5764 | D:6      | Killed Sigmund
  5764 | D:6      | Reached XP level 9. HP: 35/81 MP: 8/8
  6190 | D:7      | Found a shadowy altar of Dithmenos.
  6199 | D:7      | Reached skill level 11 in Maces & Flails
  6849 | D:7      | Reached ***** piety under Trog
  7396 | D:8      | Reached skill level 12 in Maces & Flails
  7878 | D:8      | Reached XP level 10. HP: 83/91 MP: 9/9
  8390 | D:9      | Noticed denis1488's ghost (novice DrIE)
  8391 | D:9      | Noticed a two-headed ogre
  8752 | D:9      | Killed a two-headed ogre
  8752 | D:9      | Reached skill level 13 in Maces & Flails
  8765 | D:9      | Killed denis1488's ghost
  8765 | D:9      | Reached skill level 10 in Fighting
  9084 | D:9      | Noticed a two-headed ogre
  9102 | D:9      | Killed a two-headed ogre
  9102 | D:9      | Reached skill level 10 in Armour
  9616 | D:9      | Reached skill level 14 in Maces & Flails
  9617 | D:9      | Received a gift from Trog
  9641 | D:9      | Noticed a two-headed ogre
  9649 | D:9      | Slain by a two-headed ogre

Skill      XL: |  1  2  3  4  5  6  7  8  9 10 |
---------------+-------------------------------+-----
Maces & Flails | 4 5 6 7 8 10 12 14 | 14.0
Fighting       | 4 5 6 7 9 10 | 10.6
Armour         | 3 4 5 6 7 9 10 | 10.3
Dodging        | |  2.1

Action                   |  1- 3 |  4- 6 |  7- 9 | 10-12 || total
-------------------------+-------+-------+-------+-------++-------
Melee: Mace              |    42 |   145 |    13 |       ||   200
       Headbutt          |     6 |    26 |    91 |    33 ||   156
       Flail             |       |       |   377 |   199 ||   576
Invok: Berserk           |       |       |     2 |     4 ||     6
  Use: Scroll            |     2 |     4 |     4 |     2 ||    12
       Potion            |       |       |       |     1 ||     1
  Eat: Chunk             |       |     7 |    32 |     4 ||    43
       Ration            |       |       |     1 |     1 ||     2
Armor: Animal skin       |    13 |       |       |       ||    13
       Plate armour      |       |    83 |   216 |    96 ||   395
Dodge: Dodged            |    27 |    47 |   130 |    71 ||   275
